Map: Terrazze Prion

Players

ImakandI - Winner!

  • Race: Terran Terran
  • League: Bronze

Jhyrachy

  • Race: Protoss Protoss
  • League: Gold

VOD

Have the link to the VOD?

Description

Time

  • Played on: April 9, 2016, 4:55 p.m.
  • Length: 10:54
Show
View Real Time Build Order
Export as new Build Order

ImakandI Terran - Winner!

Build Orders:  

Get SALT Encoding   

  12  0:01  SCV  
  13  0:17  SCV  
  14  0:28  Supply Depot  
  14  0:51  Command Center  
  14  0:58  SCV  
  15  1:14  Barracks  
  15  1:22  Barracks  
  15  1:29  SCV  
  16  1:42  Barracks  
  16  1:45  SCV  
  17  1:57  SCV  
  18  2:01  Marine  
  19  2:09  Barracks  
  19  2:11  SCV  
  19  2:12  SCV  
  21  2:16  Marine  
  21  2:22  Marine  
  23  2:23  SCV  
  23  2:27  SCV  
  25  2:30  Marine  
  25  2:34  Marine  
  27  2:37  SCV  
  27  2:39  Marine  
  27  2:42  SCV  
  30  2:45  Refinery  
  30  2:49  Refinery  
  30  2:50  SCV  
  31  2:52  Marine  
  31  2:55  Marine  
  33  3:01  Supply Depot  
  33  3:11  Marine x2  
  35  3:13  Marine, SCV  
  35  3:14  SCV  
  34  3:29  SCV  
  35  3:39  Marine x3  
  35  3:41  SCV  
  39  3:50  Factory  
  39  3:53  SCV  
  39  3:55  Marine  
  37  3:56  Marine  
  37  3:57  Marine  
  34  4:05  SCV  
  35  4:16  Marine x2  
  37  4:17  SCV  
  37  4:24  Marine  
  34  4:29  SCV  
  33  4:34  Marine  
  30  4:41  SCV  
  30  4:45  Bunker  
  31  4:52  Factory Tech Lab, SCV, Factory  
  32  4:53  SCV  
  32  4:56  Marine x2  
  35  5:04  SCV  
  35  5:05  SCV  
  33  5:11  Siege Tank  
  36  5:14  Marine  
  36  5:16  SCV  
  37  5:22  Marine x2  
  37  5:28  SCV  
  40  5:40  SCV  
  40  5:42  Factory Tech Lab  
  37  5:43  Siege Tank  
  31  6:05  SCV  
  31  6:11  SCV  
  30  6:20  Refinery  
  30  6:23  SCV  
  29  6:35  SCV  
  30  6:47  SCV  
  31  7:04  Refinery  
  31  7:07  Command Center  
  31  7:25  Supply Depot  
  31  7:39  Barracks Reactor  
  31  7:40  Barracks Reactor  
  31  7:47  Supply Depot  
  31  8:04  Engineering Bay  
  31  8:08  Siege Tank x2, SCV  
  31  8:09  Barracks Reactor  
  38  8:18  Barracks Reactor  
  38  8:20  SCV  
  39  8:32  SCV  
  39  8:34  Marine  
  41  8:35  SCV  
  41  8:40  Siege Tank, Marine x3  
  41  8:41  Bunker  
  48  8:47  SCV x2  
  50  8:59  Missile Turret, SCV  
  51  9:03  Marine x3  
  54  9:38  Missile Turret  
  54  9:56  Command Center  
  54  10:06  Supply Depot  
  54  10:10  Supply Depot  
  54  10:27  Marine x5  
  62  10:28  Supply Depot  
  62  10:32  Marine, SCV  
Show
View Real Time Build Order
Export as new Build Order

Jhyrachy Protoss 

Build Orders:  

Get SALT Encoding   

  12  0:01  Probe (Chrono Boost)  
  13  0:12  Probe (Chrono Boost)  
  14  0:23  Probe (Chrono Boost)  
  14  0:26  Pylon  
  15  0:44  Probe (Chrono Boost)  
  16  0:56  Pylon  
  16  1:01  Forge  
  16  1:04  Probe (Chrono Boost)  
  17  1:14  Probe (Chrono Boost)  
  18  1:25  Probe (Chrono Boost)  
  19  1:31  Assimilator  
  19  1:35  Probe (Chrono Boost)  
  19  1:37  Photon Cannon  
  19  1:38  Photon Cannon  
  19  1:39  Pylon  
  20  2:07  Pylon  
  20  2:16  Pylon  
  21  2:23  Probe (Chrono Boost)  
  21  2:32  Photon Cannon x2  
  21  2:34  Photon Cannon  
  21  2:42  Pylon  
  21  2:59  Pylon  
  21  3:26  Photon Cannon  
  21  3:27  Photon Cannon  
  21  3:29  Photon Cannon  
  21  3:32  Pylon  
  21  3:40  Photon Cannon  
  21  3:44  Photon Cannon  
  21  3:51  Photon Cannon  
  21  3:56  Photon Cannon  
  21  4:05  Photon Cannon  
  21  4:16  Pylon  
  21  4:30  Photon Cannon  
  21  4:32  Pylon  
  21  4:44  Photon Cannon  
  21  4:47  Photon Cannon  
  21  4:52  Photon Cannon  
  21  4:56  Pylon  
  21  5:16  Photon Cannon  
  21  5:18  Photon Cannon  
  21  5:20  Photon Cannon  
  21  5:35  Photon Cannon  
  21  5:59  Pylon  
  21  6:04  Photon Cannon  
  21  6:05  Photon Cannon  
  21  6:09  Photon Cannon  
  21  6:11  Photon Cannon  
  21  6:21  Photon Cannon  
  21  6:37  Photon Cannon  
  21  6:43  Pylon  
  21  7:01  Photon Cannon  
  21  7:07  Protoss Shields Level 1 (Chrono Boost)  
  20  7:59  Nexus  
  20  8:16  Gateway  
  20  8:25  Assimilator  
  20  8:53  Pylon  
  20  8:55  Pylon  
  20  9:08  Cybernetics Core  
  20  9:20  Probe  
  21  9:30  Probe  
  22  9:45  Pylon  
  22  9:56  Stargate x2  
  22  10:13  Photon Cannon x2  
  22  10:14  Photon Cannon  
  22  10:19  Photon Cannon  
  22  10:21  Photon Cannon  
  22  10:26  Pylon  
  10  10:51  Pylon  
Tags
 
Add a new tag
Caveats
  • Supply blocks, unpowered buildings, or Contaminate may cause inaccurate times.
  • Supply counts are checked every 10 seconds.